 Dungeon Crawl Stone Soup version 0.28.0-53-g5a82cb258f (webtiles) character file.

Game seed: 1210750991145534173

56 Descartes the Grasshopper (level 3, -7/16 HPs)
             Began as a Felid Warper on Aug 3, 2022.
             Killed from afar by Sigmund (12 damage)
             ... with a puff of flame
             ... on level 2 of the Dungeon.
             The game lasted 00:02:27 (2069 turns).

Descartes the Grasshopper (Felid Warper)            Turns: 2069, Time: 00:02:27

Health: -7/16      AC:  1    Str:  9    XL:     3   Next: 69%
Magic:  7/7        EV: 18    Int: 14    God:
Gold:   57         SH:  0    Dex: 15    Spells: 1/6 levels left
                                        Lives:  0   Deaths: 0

rFire   . . .      SeeInvis +     - Unarmed
rCold   . . .      Faith    .   (shield unavailable)
rNeg    . . .      Spirit   .   (armour unavailable)
rPois   .          Reflect  .   (helmet unavailable)
rElec   .          Harm     .   (cloak unavailable)
rCorr   .          Rampage  .   (gloves unavailable)
Will    .....                   (boots unavailable)
Stlth   +.........              (no amulet)
HPRegen 0.05/turn               (no ring)
MPRegen 0.10/turn               (no ring)

@: confused, quick
A: very small, claws 1, fangs 3, see invisible, speed 1, shaggy fur 1, stealthy
paws, no weapons or thrown items, no armour, multi-lived
a: no special abilities


You were on level 2 of the Dungeon.
You visited 1 branch of the dungeon, and saw 2 of its levels.

You collected 57 gold pieces.

Inventory:

Scrolls
 a - a scroll of blinking
 b - 2 scrolls of identify {unknown}
 d - a scroll of teleportation {unknown}
Potions
 c - a potion of lignification {unknown}
 e - a potion of curing {unknown}
 f - a potion of invisibility {unknown}


   Skills:
 - Level 2.0 Fighting
 + Level 4.2 Dodging
 + Level 2.6 Stealth
 + Level 2.8 Unarmed Combat
 - Level 2.0 Spellcasting
 - Level 4.4 Translocations


You had one spell level left.
You knew the following spells:

 Your Spells              Type           Power      Damage    Failure   Level
a - Blink                 Tloc           26%        N/A       6%          2
b - Teleport Other        Tloc           13%        N/A       12%         3

Your spell library contained the following spells:

 Spells                   Type           Power      Damage    Failure   Level
 Gell's Gravitas          Tloc           13%        N/A       12%         3
 Lesser Beckoning         Tloc           13%        N/A       12%         3
 Manifold Assault         Tloc           13%        N/A       73%         5


Dungeon Overview and Level Annotations

Branches:
Dungeon (2/15)

Altars:

Annotations:
D:2 Sigmund


Innate Abilities, Weirdness & Mutations

You have sharp claws.
You have razor-sharp teeth.
You have supernaturally acute eyesight. (SInv)
You cover ground quickly. (Speed+)
You are covered in fur. (AC +1)
Your paws help you pounce on unaware monsters.
You are incapable of wielding weapons or throwing items.
You cannot wear armour.
You gain extra lives every three experience levels.


Message History

This spell is extremely dangerous to cast!
Memorise Teleport Other, consuming 3 spell levels and leaving 1?
You start memorising the spell.
You continue memorising. x3
You finish memorising.
Spell assigned to 'b'.
Partly explored, can't reach some places.
There is a stone staircase leading down here.
You climb downwards.
Level annotation: Sigmund
Found a scroll labelled TYONAE ZAXOE.
There is a stone staircase leading up here.
b - 2 scrolls labelled TYONAE ZAXOE (gained 1)
You open the door.
There is an open door here.
You open the door.
There is an open door here.
Sigmund gestures at you while chanting. The puff of flame misses you.
Sigmund misses you. Sigmund closely misses you.
You claw Sigmund!
Sigmund is moderately wounded.
You closely miss Sigmund.
Sigmund is moderately wounded.
Sigmund completely misses you.
You barely miss Sigmund. Your bite misses Sigmund.
Sigmund is moderately wounded.
Sigmund hits you with a +0 scythe!
Ouch! That really hurt!
You are too injured to fight recklessly!
Sigmund casts a spell.
Sigmund flickers and vanishes for a moment.
Sigmund points at you and mumbles some strange words.
You are confused.
You bump into the rock wall.
You're too confused to move!
You're too confused to move!
Sigmund casts a spell at you. The puff of flame hits you!
Ouch! That really hurt!
You die...

##'## #.###### ##...## #......#
##.....## ######.# #.......##
##.###.#
.........####...##.########...
.........'.....................
.........####...##.###.####...
........## ##.###.# #.##.##.#
.......## #.#@..# #.#...#.###
#.#...## #.#.### #..........
..##+# #.#.# #......>##
#.#.#####......###.#
#..@......#........#
###.########@####### #.#
#.####### #.# ##........ #.#
#...######


You could see Sigmund (invisible).

Vanquished Creatures
  2 adders (D:2)
  A worm (D:2)
  A dart slug (D:1)
  3 endoplasms (D:1)
  3 giant cockroaches (D:2)
  2 goblins (D:1)
  4 hobgoblins
  A quokka (D:1)
  A ball python (D:1)
  3 bats (D:1)
  4 frilled lizards
  2 kobolds (D:1)
  6 rats (D:1)
33 creatures vanquished.

Notes
Turn   | Place    | Note
-------+----------+-------------------------------------------
     0 | D:1      | Descartes the Felid Warper began the quest for the Orb.
     0 | D:1      | Reached XP level 1. HP: 9/9 MP: 4/4
   158 | D:1      | Reached skill level 1 in Stealth
   403 | D:1      | Reached XP level 2. HP: 13/13 MP: 6/6
   952 | D:1      | You fall into a shaft and drop 1 floor!
   984 | D:2      | Reached XP level 3. HP: 8/16 MP: 7/7
  1518 | D:2      | Noticed Sigmund
  1946 | D:1      | Learned a level 2 spell: Blink
  1950 | D:1      | Learned a level 3 spell: Teleport Other
  2069 | D:2      | Killed from afar by Sigmund

Illustrated notes

Levels and vault maps discovered:
D:1:      dpeg_arrival_lava_altar, layout_basic
D:2:      layout_loops_corners, dreamdust_ecumenical_altar_sealed_demon,
          minmay_misc_feat_five, st_stairs_13, minmay_misc_feat_hallway,
          uniq_sigmund, uniq_robin

Skill      XL: |  1  2  3 |
---------------+----------+-----
Stealth        | 1 2 |  2.6
Dodging        | 4 |  4.2
Fighting       | |  2.0
Unarmed Combat | |  2.8
Spellcasting   | |  2.0
Translocations | |  4.4

Action                   || total
-------------------------++-------
Melee: Unarmed           ||   104
       Bite              ||    10
       Punch             ||     4
 Stab: Sleeping          ||     7
Armor: Skin              ||     8
Dodge: Dodged            ||    78
